 Dungeon Crawl Stone Soup version 0.29.1-14-g9c671dbff4 (webtiles) character file.

Game seed: 4444287471226715118

11 raph the Firebug (level 2, -1/15 HPs)
             Began as a Deep Elf Fire Elementalist on Feb 19, 2023.
             Slain by a quokka (4 damage)
             ... on level 1 of the Dungeon.
             The game lasted 00:00:58 (448 turns).

raph the Firebug (Deep Elf Fire Elementalist)        Turns: 448, Time: 00:00:59

Health: -1/15      AC:  2    Str:  5    XL:     2   Next: 17%
Magic:  2/8        EV: 12    Int: 19    God:
Gold:   8          SH:  0    Dex: 15    Spells: 4/7 levels left

rFire   . . .      SeeInvis .   e - +0 sling
rCold   . . .      Faith    .   (no shield)
rNeg    . . .      Spirit   .   a - +0 robe
rPois   .          Reflect  .   (no helmet)
rElec   .          Harm     .   (no cloak)
rCorr   .          Rampage  .   (no gloves)
Will    .....                   (no boots)
Stlth   ++........              (no amulet)
HPRegen 0.05/turn               (no ring)
MPRegen 0.11/turn               (no ring)

@: very slightly contaminated
A: no striking features
a: no special abilities


You were on level 1 of the Dungeon.
You visited 1 branch of the dungeon, and saw 1 of its levels.

You collected 8 gold pieces.

Inventory:

Hand Weapons
 e - a +0 sling (weapon)
Armour
 a - a +0 robe (worn)
Scrolls
 c - a scroll of magic mapping {unknown}
 d - a scroll of blinking {unknown}
 f - a scroll of poison {unknown}
Potions
 b - a potion of magic
 g - a potion of brilliance {unknown}


   Skills:
 - Level 2.4 Dodging
 - Level 2.4 Stealth
 + Level 3.2 Spellcasting
 + Level 1.5 Conjurations
 * Level 3.7 Fire Magic


You had 4 spell levels left.
You knew the following spells:

 Your Spells              Type           Power      Damage    Failure   Level
a - Foxfire               Conj/Fire      52%        2x1d6     4%          1
b - Scorch                Fire           34%        2d6       4%          2

Your spell library contained the following spells:

 Spells                   Type           Power      Damage    Failure   Level
 Conjure Flame            Conj/Fire      13%        6-21      16%         3
 Inner Flame              Hex/Fire       10%        N/A       21%         3
 Flame Wave               Conj/Fire      13%        2d6       45%         4
 Summon Lightning Spire   Summ/Air       3%         N/A       83%         4
 Storm Form               Tmut/Air       1%         N/A       100%        7
 Maxwell's Capacitive Co  Air            1%         ∞         100%        8


Dungeon Overview and Level Annotations

Branches:
Dungeon (1/15)

Altars:


Message History

Casting: Foxfire (safe; 4% risk of failure)
Confirm with . or Enter, or press ? or * to list all spells.
You conjure some foxfire!
The foxfire hits the giant cockroach but does no damage.
The foxfire hits the giant cockroach.
The giant cockroach is severely wounded.
The foxfire hits the dart slug.
The dart slug is heavily wounded.
The quokka bites you.
The giant cockroach bites you but does no damage.
The frilled lizard hisses angrily.
Casting: Foxfire (safe; 4% risk of failure)
Confirm with . or Enter, or press ? or * to list all spells.
You conjure some foxfire!
The foxfire hits the dart slug.
The dart slug is heavily wounded.
The quokka misses you. The giant cockroach closely misses you.
Casting: Foxfire (safe; 4% risk of failure)
Confirm with . or Enter, or press ? or * to list all spells.
You conjure some foxfire!
The foxfire hits the quokka.
The quokka is lightly wounded.
The foxfire hits the frilled lizard.
You kill the frilled lizard!
The quokka barely misses you. The giant cockroach barely misses you.
The rat twitches its whiskers.
The dart slug bites you.
* * * LOW HITPOINT WARNING * * *
Casting: Foxfire (safe; 4% risk of failure)
Confirm with . or Enter, or press ? or * to list all spells.
You miscast Foxfire.
You are very lightly contaminated with residual magic.
Nothing appears to happen.
The foxfire hits the dart slug.
The dart slug is severely wounded.
The foxfire hits the giant cockroach but does no damage.
The giant cockroach is severely wounded.
The quokka barely misses you. The giant cockroach bites you.
* * * LOW HITPOINT WARNING * * *
Casting: Foxfire (safe; 4% risk of failure)
Confirm with . or Enter, or press ? or * to list all spells.
You conjure some foxfire!
The quokka bites you.
You die...

.........
........ .
....(. ..
...).
##.####.?.#
#
..........#
#..
#...vrw.#
...
##...B@..#
...
......vr..#
...
.##.......#
#.#
#.......#
#.......#
#########


You could see a dart slug, a quokka, a giant cockroach (ally target) and a rat
(ally target).

Vanquished Creatures
  A dart slug (D:1)
  3 endoplasms (D:1)
  A quokka (D:1)
  A ball python (D:1)
  2 frilled lizards (D:1)
  A kobold (D:1)
  A rat (D:1)
10 creatures vanquished.

Vanquished Creatures (others)
  33 foxfires (D:1)
33 creatures vanquished.

Grand Total: 43 creatures vanquished

Notes
Turn   | Place    | Note
-------+----------+-------------------------------------------
     0 | D:1      | raph the Deep Elf Fire Elementalist began the quest for the
                  | Orb.
     0 | D:1      | Reached XP level 1. HP: 10/10 MP: 6/6
   331 | D:1      | Reached XP level 2. HP: 15/15 MP: 5/8
   397 | D:1      | Found a faded altar of an unknown god.
   431 | D:1      | Learned a level 2 spell: Scorch
   448 | D:1      | Slain by a quokka

Illustrated notes

Levels and vault maps discovered:
D:1:      minmay_arrival_cross, layout_loops_cross,
          shapermc_ecumenical_altar_totnotflames

Action                   || total
-------------------------++-------
 Fire: Sling             ||     4
 Cast: Foxfire           ||    23
Armor: Robe              ||     1
Dodge: Dodged            ||     9
